 Seeded DCSS version 0.27.0-1-g7a08968 (webtiles) character file.

Game seed: 17848141825139092340 (custom seed)

19 NeededCrab the Twirler (level 2, -4/31 HPs)
             Began as an Ogre Gladiator on Oct 22, 2021.
             Was an Initiate of Ashenzari.
             Slain by Sigmund (12 damage)
             ... on level 2 of the Dungeon.
             The game lasted 00:02:50 (1226 turns).

NeededCrab the Twirler (Ogre Gladiator)             Turns: 1226, Time: 00:02:51

Health: -4/31      AC:  3    Str: 17    XL:     2   Next: 75%
Magic:  2/2        EV: 10    Int:  9    God:    Ashenzari [......]
Gold:   59         SH:  5    Dex: 10    Spells: 1/1 levels left

rFire    . . .     SeeInvis .   a - +0 quarterstaff
rCold    . . .     Faith    .   (shield currently unavailable)
rNeg     . . .     Spirit   .   b - +0 robe
rPois    .         Reflect  +   c - +0 hat
rElec    .         Harm     .   (no cloak)
rCorr    .         Rampage  .   (gloves unavailable)
Will     .....                  (boots unavailable)
Stlth    +.........             k - amulet of reflection
HPRegen  0.10/turn              (no ring)
MPRegen  0.08/turn              (no ring)

@: no status effects
A: large, unfitting armour, tough skin 1
a: Renounce Religion, Curse Item


You were on level 2 of the Dungeon.
You worshipped Ashenzari.
Ashenzari was noncommittal.
You visited 1 branch of the dungeon, and saw 2 of its levels.

You collected 59 gold pieces.

Inventory:

Hand Weapons
 a - a +0 quarterstaff (weapon)
Missiles
 d - 3 throwing nets (quivered)
Armour
 b - a +0 robe (worn)
 c - a +0 hat (worn)
Jewellery
 f - an amulet of faith
 k - an amulet of reflection (around neck)
Scrolls
 h - a scroll of immolation
 j - a scroll of teleportation
Potions
 e - a potion of degeneration
 g - a potion of berserk rage
 i - a potion of lignification


   Skills:
 + Level 3.2 Fighting
 * Level 3.5 Staves
 - Level 2.0 Throwing
 + Level 0.6 Armour
 - Level 2.6 Dodging


You had one spell level left.
You didn't know any spells.
Your spell library was empty.

Dungeon Overview and Level Annotations

Branches:
Dungeon (2/15)

Altars:
Ashenzari

Annotations:
D:2 Sigmund


Innate Abilities, Weirdness & Mutations

You are too large for most types of armour.
You have tough skin. (AC +1)


Message History

There is a stone staircase leading down here.
The golden eye turns its gaze towards you.
Found a potion of attraction.
Found a stone staircase leading up.
You open the door.
There is an open door here.
Found a stone staircase leading down.
An endoplasm comes into view.
k - an amulet of reflection
There are no items here.
You start putting on your amulet.
You continue putting on your amulet of reflection. x5
You finish putting on your amulet of reflection.
You feel a shielding aura gather around you.
k - an amulet of reflection (around neck)
An endoplasm is nearby!
A worm comes into view.
The endoplasm quivers.
An endoplasm and Sigmund come into view.
The endoplasm quivers.
You hit the endoplasm but do no damage.
Sigmund shouts!
You hear an angry hiss.
The endoplasm freezes you.
You are frozen.
You hit the endoplasm.
You kill the endoplasm!
Sigmund casts a spell.
Sigmund flickers and vanishes!
Deactivating autopickup; reactivate with Ctrl-A.
The endoplasm closely misses you. Something hits you but does no damage.
Something hits you.
You hit the endoplasm but do no damage. You block the endoplasm's attack.
Something hits you. The endoplasm hits you.
You hit the endoplasm but do no damage. The endoplasm freezes you.
You are frozen.
Something hits you!
* * * LOW HITPOINT WARNING * * *
You hit the endoplasm but do no damage. You block the endoplasm's attack.
Something hits you!
You die...

..# .. ........#.#.#
.#####..............#####.#
...........................
........###..............#
........##.?.............#
........##........w......#
........##....####.......##
.)....[.####..####.w.......
.........###....@J....##..
..####................## .
..####.......>.........#
.......................#
##.....................#
.+.......####..........#
##.......# #..........#
......#+#####.######....
....)..............#.....


You could see a worm and an endoplasm.

Vanquished Creatures
  3 ball pythons
  2 endoplasms
  A giant cockroach (D:1)
  3 goblins
  A hobgoblin (D:1)
  2 quokkas (D:1)
  A frilled lizard (D:1)
  3 kobolds (D:1)
  A rat (D:1)
17 creatures vanquished.

Notes
Turn   | Place    | Note
-------+----------+-------------------------------------------
     0 | D:1      | NeededCrab the Ogre Gladiator began the quest for the Orb.
     0 | D:1      | Reached XP level 1. HP: 22/22 MP: 1/1
   175 | D:1      | Reached XP level 2. HP: 29/29 MP: 2/2
  1062 | D:2      | Noticed a great orb of eyes
  1064 | D:2      | Found a faded altar of an unknown god.
  1065 | D:2      | Noticed a golden eye
  1065 | D:2      | Noticed a great orb of eyes
  1065 | D:2      | Noticed a golden eye
  1070 | D:2      | Became a worshipper of Ashenzari the Shackled
  1212 | D:2      | Noticed Sigmund
  1226 | D:2      | Slain by Sigmund

Illustrated notes

Levels and vault maps discovered:
D:1:      onia_arrival_handbag, layout_basic
D:2:      layout_basic, hellmonk_ecumenical_altar_watching_god, st_stairs_11,
          minmay_misc_feat_four_crosses, uniq_sigmund, uniq_natasha

Skill      XL: |  1  2 |
---------------+-------+-----
Fighting       | 3 |  3.2
Staves         | |  3.5
Throwing       | |  2.0
Armour         | |  0.6
Dodging        | |  2.6

Action                   || total
-------------------------++-------
Melee: Quarterstaff      ||    38
Armor: Robe              ||     4
Dodge: Dodged            ||    19
Block: Other             ||     2
